 Dungeon Crawl Stone Soup version 0.25.1-2-g60ff931df9 (webtiles) character file.

Game seed: 16887795769044472268

635 Exodus22XD the Chopper (level 7, -7/60 HPs)
             Began as a Gnoll Chaos Knight on Nov 8, 2020.
             Was a Plaything of Xom.
             Mangled by an orc
             ... wielding a +1 war axe of distortion
              (14 damage)
             ... on level 5 of the Dungeon.
             The game lasted 00:07:04 (3862 turns).

Exodus22XD the Chopper (Gnoll Chaos Knight)         Turns: 3862, Time: 00:07:05

Health: -7/60      AC:  8    Str: 16    XL:     7   Next: 50%
Magic:  10/10      EV: 11    Int: 14    God:    Xom [.....*]
Gold:   145        SH:  0    Dex: 15    Spells: 11/11 levels left

rFire    + . .     SeeInvis .   a - +0 hand axe (chaos)
rCold    x . .     Gourm    .   (no shield)
rNeg     . . .     Faith    +   f - +0 scale mail
rPois    .         Spirit   .   (no helmet)
rElec    .         Reflect  .   o - +0 cloak
rCorr    .         Harm     .   (no gloves)
MR       .....                  (no boots)
Stlth    +.........             p - amulet of faith
HPRegen  0.20/turn              v - ring of fire
MPRegen  0.12/turn              (no ring)

@: no status effects
A: distributed training, fangs 1, strong nose
a: Renounce Religion


You were on level 5 of the Dungeon.
You worshipped Xom.
You were Xom's teddy bear.
You were hungry.

You visited 1 branch of the dungeon, and saw 5 of its levels.

You collected 145 gold pieces.

Inventory:

Hand Weapons
 a - a +0 hand axe of chaos (weapon)
 z - a +3 quarterstaff of chaos
Armour
 f - a +0 scale mail (worn)
 o - a +0 cloak (worn)
Jewellery
 p - an amulet of faith (around neck)
 v - a ring of fire (left hand)
Scrolls
 d - 5 scrolls of identify {unknown}
 e - 3 scrolls of remove curse {unknown}
 k - a scroll of fog {unknown}
 l - 2 scrolls of enchant armour {unknown}
 r - 2 scrolls of amnesia {unknown}
 t - 2 scrolls of magic mapping {unknown}
 w - 3 scrolls of teleportation {unknown}
 y - a scroll of fear {unknown}
Potions
 g - 4 potions of curing {unknown}
 h - 3 potions of stabbing {unknown}
 i - a potion of mutation {unknown}
 j - a potion of haste {unknown}
 m - a potion of cancellation {unknown}
 n - 2 potions of resistance {unknown}
 q - a potion of might {unknown}
 s - a potion of invisibility {unknown}
 u - a potion of lignification {unknown}
 x - a potion of brilliance {unknown}
Comestibles
 c - 12 rations


   Skills:
 + Level 7.0 Fighting
 + Level 2.5 Short Blades
 + Level 2.5 Long Blades
 + Level 7.0 Axes
 + Level 2.5 Maces & Flails
 + Level 2.5 Polearms
 + Level 2.5 Staves
 + Level 2.5 Slings
 + Level 2.5 Bows
 + Level 2.5 Crossbows
 + Level 2.5 Throwing
 + Level 5.2 Armour
 + Level 3.6 Dodging
 + Level 2.5 Stealth
 + Level 2.5 Shields
 + Level 2.5 Unarmed Combat
 + Level 2.5 Spellcasting
 + Level 2.0 Conjurations
 + Level 2.0 Hexes
 + Level 2.0 Charms
 + Level 2.0 Summonings
 + Level 2.0 Necromancy
 + Level 2.0 Translocations
 + Level 2.0 Transmutations
 + Level 2.0 Fire Magic
 + Level 2.0 Ice Magic
 + Level 2.0 Air Magic
 + Level 2.0 Earth Magic
 + Level 2.0 Poison Magic
 + Level 2.7 Invocations
 + Level 2.5 Evocations


You had 11 spell levels left.
You didn't know any spells.
Your spell library contained the following spells:

 Spells                   Type           Power        Failure   Level  Hunger
 Animate Skeleton         Necr           N/A          32%         1    #......
 Apportation              Tloc           #.....       32%         1    #......
 Corona                   Hex            #......      32%         1    #......
 Summon Small Mammal      Summ           #...         32%         1    #......


Dungeon Overview and Level Annotations

Branches:
Dungeon (5/15)             Temple (0/1) D:5

Altars:
Kikubaaqudgha
Qazlal
Sif Muna
Xom
Zin
The Shining One


Innate Abilities, Weirdness & Mutations

Your experience applies equally to all skills.
You have very sharp teeth.
Your uncanny sense of smell can sniff out nearby items.


Message History

Your bite misses something. You barely miss the scorpion.
You closely miss the crimson imp.
The crimson imp hits you but does no damage.
Something hits you but does no damage.
You blink.
Unknown command.
The crimson imp hits you.
The scorpion stings you but does no damage.
You closely miss the scorpion. Your bite misses the scorpion.
You closely miss the crimson imp.
The crimson imp blinks!
The scorpion stings you but does no damage.
You hit the scorpion but do no damage.
The scorpion is devoured by a tear in reality.
You hit something. You burn something.
The crimson imp blinks!
Something hits you but does no damage. Space warps horribly around you!!
* * * LOW HITPOINT WARNING * * *
Xom thinks this is hilarious!
A shower of butterflies erupts from you!
You closely miss something. You bite something.
The crimson imp blinks!
Something hits you but does no damage. Space warps horribly around you!
You die...

## #. #. #. #. #####.
################## #.....
......b.@{.§.#...###.###.
......Pb..§b......##.# #.
..P≈≈.b≈b≈≈........#.# #.
.♣≈≈P≈≈≈≈≈≈P.......#.# ##
..≈≈.≈≈≈§≈≈≈..5......#
.P≈≈≈≈≈≈≈≈♣≈......#.#####
...≈≈.≈≈≈≈≈.......#......
#..P≈≈.≈.≈≈♣#.###.#......
.♣..P.. #.# #........


You could see a crimson imp.

Vanquished Creatures
  A centaur (D:4)
  2 scorpions
  An orc wizard (D:3)
  Crazy Yiuf (D:4)
  An orc priest (D:3)
  A bullfrog skeleton (D:4)
  2 iguanas
  A worker ant (D:4)
  6 gnolls
  5 adders
  A shadow imp (D:5)
  An ooze (D:3)
  3 worms
  3 dart slugs
  4 leopard geckos
  15 orcs
  2 ball pythons (D:2)
  10 bats
  9 giant cockroaches
  11 goblins
  5 hobgoblins
  6 jackals
  6 kobolds
  2 quokkas
  A leopard gecko zombie (D:5)
  9 rats
109 creatures vanquished.

Vanquished Creatures (others)
  A scorpion (D:5)
  A goblin (D:1)
2 creatures vanquished.

Grand Total: 111 creatures vanquished

Notes
Turn   | Place    | Note
-------+----------+-------------------------------------------
     0 | D:1      | Exodus22XD the Gnoll Chaos Knight began the quest for the
                  | Orb.
     0 | D:1      | Reached XP level 1. HP: 23/23 MP: 1/1
    92 | D:1      | Reached XP level 2. HP: 24/29 MP: 2/2
   337 | D:1      | Reached XP level 3. HP: 28/35 MP: 3/3
   641 | D:1      | XOM: silly message
   871 | D:1      | XOM: silly message
   892 | D:2      | Reached skill level 1 in Invocations
  1024 | D:2      | Reached skill level 1 in Short Blades
  1024 | D:2      | Reached skill level 1 in Long Blades
  1024 | D:2      | Reached skill level 1 in Maces & Flails
  1024 | D:2      | Reached skill level 1 in Polearms
  1024 | D:2      | Reached skill level 1 in Staves
  1024 | D:2      | Reached skill level 1 in Slings
  1024 | D:2      | Reached skill level 1 in Bows
  1024 | D:2      | Reached skill level 1 in Crossbows
  1024 | D:2      | Reached skill level 1 in Throwing
  1024 | D:2      | Reached skill level 1 in Stealth
  1024 | D:2      | Reached skill level 1 in Shields
  1024 | D:2      | Reached skill level 1 in Unarmed Combat
  1024 | D:2      | Reached skill level 1 in Spellcasting
  1024 | D:2      | Reached skill level 1 in Evocations
  1024 | D:2      | Reached XP level 4. HP: 39/41 MP: 5/5
  1061 | D:2      | Found a stormy altar of Qazlal.
  1196 | D:2      | XOM: cloud trail
  1229 | D:2      | Found an ancient bone altar of Kikubaaqudgha.
  1231 | D:2      | Found a glowing golden altar of the Shining One.
  1378 | D:2      | Found a shimmering blue altar of Sif Muna.
  1624 | D:3      | Reached skill level 1 in Conjurations
  1624 | D:3      | Reached skill level 1 in Hexes
  1624 | D:3      | Reached skill level 1 in Charms
  1624 | D:3      | Reached skill level 1 in Summonings
  1624 | D:3      | Reached skill level 1 in Necromancy
  1624 | D:3      | Reached skill level 1 in Translocations
  1624 | D:3      | Reached skill level 1 in Transmutations
  1624 | D:3      | Reached skill level 1 in Fire Magic
  1624 | D:3      | Reached skill level 1 in Ice Magic
  1624 | D:3      | Reached skill level 1 in Air Magic
  1624 | D:3      | Reached skill level 1 in Earth Magic
  1624 | D:3      | Reached skill level 1 in Poison Magic
  1697 | D:3      | Reached XP level 5. HP: 43/47 MP: 6/6
  1801 | D:3      | XOM: god gift: ration
  1963 | D:3      | Found a glowing silver altar of Zin.
  1985 | D:3      | Reached XP level 6. HP: 45/53 MP: 8/8
  2072 | D:3      | XOM: potion effect (might)
  2409 | D:4      | XOM: stealth player
  2592 | D:4      | XOM: enchant monster (good)
  2592 | D:4      | Reached skill level 5 in Armour
  2606 | D:4      | XOM: blink monster(s)
  2789 | D:4      | XOM: 5-stop teleportation journey
  2844 | D:4      | Reached XP level 7. HP: 45/59 MP: 10/10
  3349 | D:4      | Found a runed translucent door.
  3350 | D:4      | Noticed Crazy Yiuf
  3360 | D:4      | Killed Crazy Yiuf
  3604 | D:4      | XOM: scenery: create altars
  3717 | D:5      | Entered Level 5 of the Dungeon
  3717 | D:5      | Found a staircase to the Ecumenical Temple.
  3746 | D:5      | XOM: smoke on damage
  3861 | D:5      | XOM: butterfly on damage
  3862 | D:5      | Mangled by an orc

Illustrated notes

Levels and vault maps discovered:
D:1:      nzn_arrival_settlement, layout_basic, minivault_23,
          hangedman_decor_growths
D:2:      layout_rooms, nicolae_overflow_hidden_temple, lemuel_blue_sif_altar,
          overflow_temple_1_default
D:3:      layout_rooms, overflow_temple_1_default, first_ration,
          minmay_fractal_squares_5
D:4:      layout_basic, minmay_vboxes, uniq_crazy_yiuf_cottage
D:5:      layout_rooms, old_standard_altar, nicolae_dithmenos_shadow_blocks,
          minmay_temple_entry_stoned_glass, serial_bayou, serial_bayou_pond_b,
          serial_bayou_shore_a, serial_bayou_shore_b, serial_bayou_ford_a,
          serial_bayou_crossing, serial_bayou_pond_d,
          nicolae_tso_swordbearing_angel

Skill      XL: |  1  2  3  4  5  6  7 |
---------------+----------------------+-----
Invocations    | 1 2 |  2.7
Short Blades   | 1 2 |  2.5
Long Blades    | 1 2 |  2.5
Maces & Flails | 1 2 |  2.5
Polearms       | 1 2 |  2.5
Staves         | 1 2 |  2.5
Slings         | 1 2 |  2.5
Bows           | 1 2 |  2.5
Crossbows      | 1 2 |  2.5
Throwing       | 1 2 |  2.5
Stealth        | 1 2 |  2.5
Shields        | 1 2 |  2.5
Unarmed Combat | 1 2 |  2.5
Spellcasting   | 1 2 |  2.5
Evocations     | 1 2 |  2.5
Conjurations   | 1 2 |  2.0
Hexes          | 1 2 |  2.0
Charms         | 1 2 |  2.0
Summonings     | 1 2 |  2.0
Necromancy     | 1 2 |  2.0
Translocations | 1 2 |  2.0
Transmutations | 1 2 |  2.0
Fire Magic     | 1 2 |  2.0
Ice Magic      | 1 2 |  2.0
Air Magic      | 1 2 |  2.0
Earth Magic    | 1 2 |  2.0
Poison Magic   | 1 2 |  2.0
Dodging        | 3 |  3.6
Armour         | 5 |  5.2
Fighting       | 7 |  7.0
Axes           | 7 |  7.0

Action                   |  1- 3 |  4- 6 |  7- 9 || total
-------------------------+-------+-------+-------++-------
Melee: Hand axe          |    78 |   176 |    49 ||   303
       Bite              |     6 |    16 |     7 ||    29
       Punch             |       |     1 |     2 ||     3
 Stab: Sleeping          |     3 |       |       ||     3
       Distracted        |       |     1 |       ||     1
       Petrifying        |       |       |     1 ||     1
  Eat: Chunk             |       |     6 |     3 ||     9
Armor: Leather armour    |    17 |       |       ||    17
       Scale mail        |     2 |    81 |    15 ||    98
Dodge: Dodged            |    49 |    90 |    18 ||   157
